 Dungeon Crawl Stone Soup version 0.29.1-13-g9f3cf754e1 (webtiles) character file.

Game seed: 1222143355213211555

9320 Peloso the Carver (level 11, -6/95 HPs)
             Began as a Minotaur Fighter on Feb 10, 2023.
             Was a Follower of Okawaru.
             Mangled by an ice devil (11 damage)
             ... on level 11 of the Dungeon.
             The game lasted 00:21:46 (12111 turns).

Peloso the Carver (Minotaur Fighter)               Turns: 12111, Time: 00:21:47

Health: -6/95      AC: 21    Str: 22    XL:     11   Next: 21%
Magic:  10/10      EV:  7    Int:  5    God:    Okawaru [*.....]
Gold:   552        SH: 11    Dex: 13    Spells: 10/10 levels left

rFire   . . .      SeeInvis .   a - +3 long sword (freeze)
rCold   . . .      Faith    .   d - +0 kite shield
rNeg    + . .      Spirit   .   i - +0 plate armour
rPois   .          Reflect  .   B - +2 hat {Will+}
rElec   .          Harm     .   F - +1 cloak {rCorr}
rCorr   +          Rampage  .   c - +0 pair of gloves
Will    +....                   (no boots)
Stlth   ..........              (no amulet)
HPRegen 0.25/turn               s - ring of flight
MPRegen 0.12/turn               u - ring of positive energy

@: on berserk cooldown, flying, slowed, very slow
A: horns 2, retaliatory headbutt
a: Renounce Religion, Heroism


You were on level 11 of the Dungeon.
You worshipped Okawaru.
Okawaru was aware of your devotion.
You visited 2 branches of the dungeon, and saw 12 of its levels.

You collected 552 gold pieces.

Inventory:

Hand Weapons
 a - a +3 long sword of freezing (weapon)
 b - a +3 scimitar
Missiles
 l - a throwing net (quivered)
Armour
 c - a +0 pair of gloves (worn)
 d - a +0 kite shield (worn)
 i - a +0 plate armour (worn)
 B - a +2 hat of willpower (worn)
 F - a +1 cloak of preservation (worn)
Jewellery
 g - a ring of see invisible
 s - a ring of flight (left hand)
 u - a ring of positive energy (right hand)
Wands
 e - a wand of mindburst (7)
 m - a wand of paralysis (12)
 t - a wand of flame (23)
 w - a wand of roots (5)
 C - a wand of polymorph (2)
Scrolls
 f - 2 scrolls of poison
 k - a scroll of blinking
 p - a scroll of magic mapping
 q - a scroll of brand weapon
 r - 3 scrolls of noise
 v - a scroll of immolation
 y - a scroll of butterflies
 A - 3 scrolls of teleportation
 D - a scroll of enchant armour {unknown}
 E - 3 scrolls of acquirement
 G - a scroll of enchant weapon
Potions
 h - 3 potions of curing
 j - 2 potions of haste
 n - 2 potions of cancellation
 o - a potion of mutation
 z - a potion of berserk rage


   Skills:
 + Level 8.8 Fighting
 + Level 13.4 Long Blades
 + Level 11.7 Armour
 + Level 2.7 Dodging
 + Level 0.8 Stealth
 + Level 8.9 Shields


You had 10 spell levels left.
You didn't know any spells.
Your spell library contained the following spells:

 Spells                   Type           Power      Damage    Failure   Level
 Beastly Appendage        Tmut           0%         N/A       100%        1
 Foxfire                  Conj/Fire      0%         2x1d4     100%        1
 Freeze                   Ice            0%         1d3       100%        1
 Shock                    Conj/Air       0%         1d3       100%        1
 Poisonous Vapours        Pois/Air       0%         N/A       100%        2
 Wereblood                Tmut           0%         N/A       100%        2
 Conjure Flame            Conj/Fire      0%         6-21      100%        3
 Inner Flame              Hex/Fire       0%         N/A       100%        3
 Spider Form              Tmut/Pois      0%         N/A       100%        3
 Swiftness                Air            0%         N/A       100%        3
 Airstrike                Air            0%         2d(0-16)  100%        4
 Corpse Rot               Necr/Pois/Air  0%         N/A       100%        4
 Flame Wave               Conj/Fire      0%         2d4       100%        4
 Hailstorm                Conj/Ice       0%         3d3       100%        4
 Ice Form                 Ice/Tmut       0%         N/A       100%        4
 Metabolic Englaciation   Hex/Ice        0%         N/A       100%        5
 Call Imp                 Summ           Unusable   N/A       N/A         2
 Simulacrum               Ice/Necr       Unusable   N/A       N/A         6

Dungeon Overview and Level Annotations

Branches:
Dungeon (11/15)            Temple (1/1) D:5            Lair (0/5) D:10
    Orc: D:9-12

Altars:
Ashenzari
Cheibriados
Dithmenos
Elyvilon
Fedhas
Gozag
Hepliaklqana
Kikubaaqudgha
Makhleb
Nemelex Xobeh
Okawaru
Qazlal
Ru
Sif Muna
Trog
Uskayaw
Vehumet
Wu Jian
Xom
Yredelemnul
Zin
The Shining One

Portals:
Ice
Cave: D:11


Innate Abilities, Weirdness & Mutations

You have a pair of horns on your head.
You reflexively headbutt those who attack you in melee.


Message History

You kill the ice devil!
Okawaru accepts your kill.
You can now gain great but temporary skills.
You feel a strong urge to attack something.
You are no longer berserk.
You are exhausted.
You feel yourself slow down.
There is an open door, spattered with blood here.
An ice devil comes into view.
The ice devil hits you but does no damage. x2
You hit the ice devil but do no damage. You headbutt the ice devil!
The ice devil is moderately wounded.
The ice devil hits you but does no damage.
You hit the ice devil but do no damage. Your headbutt misses the ice devil.
The ice devil is moderately wounded.
The ice devil hits you but does no damage. x2
You closely miss the ice devil.
You headbutt the ice devil, but do no damage.
The ice devil is moderately wounded.
The ice devil hits you but does no damage.
You completely miss the ice devil.
The ice devil is moderately wounded.
You block the ice devil's attack.
You hit the ice devil but do no damage.
The ice devil is moderately wounded.
The ice devil hits you but does no damage. x2
You closely miss the ice devil. You headbutt the ice devil.
The ice devil is moderately wounded.
The ice devil closely misses you.
You hit the ice devil but do no damage.
The ice devil is moderately wounded.
The ice devil barely misses you.
You hit the ice devil but do no damage.
The ice devil is moderately wounded.
The ice devil hits you. The ice devil freezes you!!
* * * LOW HITPOINT WARNING * * *
The ice devil hits you.
* * * LOW HITPOINT WARNING * * *
The ice devil freezes you!
You die...

.............#,*******,*
.........)...#,,,,,,,,,******
.............#,*,,,,,,,,,,,,*****
.............#,*,,,,,,,,,,,,,,,,,
#######...####*********,,,,,*****
###..# *#####**,,,,,*
##########.#####*....# *,***,*
.............'.##....# *,,,*,*
##########).##..@4..∩# ***,*,*
........##...'.##....# *,*,*
#######.##.#####*....# *,*,****
#.##[# *##### *,*,,,,, #####.##.#
******* *,****** ###......#.#
*,,,,,* *,* .##......#.#**,,,,,*
*,* .##...(..#,,**,**,*** *,*
.#.......#*,,*,**,,,* *,*


You could see an ice devil.

Vanquished Creatures
  Gastronok (D:9)
  A cyclops (D:11)
  Maurice (D:9)
  Joseph (D:9)
  Maggie (D:7)
  A komodo dragon (D:10)
  An ice devil (D:11)
  A hornet (D:9)
  Grinder (D:3)
  Sigmund (D:2)
  A shadow (D:11)
  A wraith (D:9)
  6 yaks (D:9)
  A steam dragon (D:8)
  2 wyverns
  Edmund (D:4)
  2 water moccasins
  An acid dragon (D:11)
  An orc warrior (D:9)
  2 black bears
  3 ice beasts
  2 sky beasts (D:7)
  An ogre (D:5)
  5 centaurs
  A bullfrog (D:6)
  3 kobold brigands
  A necrophage (D:5)
  A gnoll sergeant (D:11)
  A scorpion (D:4)
  16 wights
  3 killer bees (D:9)
  4 howler monkeys
  3 vampire bats (D:8)
  An electric eel (D:10)
  4 jellies
  3 orc priests
  2 gnoll boudas (D:7)
  3 hounds (D:5)
  Jessica (D:3)
  Terence (D:3)
  2 iguanas (D:5)
  8 orc wizards
  19 gnolls
  4 adders
  A white imp (D:6)
  An ufetubus (D:5)
  2 worms
  4 dart slugs
  34 orcs
  2 bats
  2 bat skeletons (D:8)
  4 bat zombies (D:8)
  5 endoplasms
  2 giant cockroaches
  6 goblins
  2 hobgoblins
  4 jackals (D:5)
  4 quokkas
  8 ball pythons
  15 kobolds
  4 rats (D:2)
220 creatures vanquished.

Vanquished Creatures (others)
  An orc priest (D:8)
  An orc wizard (D:8)
  An orc (D:8)
  7 plants (D:10)
10 creatures vanquished.

Grand Total: 230 creatures vanquished

Notes
Turn   | Place    | Note
-------+----------+-------------------------------------------
     0 | D:1      | Peloso the Minotaur Fighter began the quest for the Orb.
     0 | D:1      | Reached XP level 1. HP: 19/19 MP: 0/0
   161 | D:1      | Reached XP level 2. HP: 27/27 MP: 1/1
   787 | D:2      | Found a hide-covered altar of Uskayaw.
   959 | D:2      | Reached XP level 3. HP: 27/33 MP: 2/2
  1201 | D:2      | Reached skill level 3 in Long Blades
  1348 | D:2      | Found a faded altar of an unknown god.
  1393 | D:2      | Noticed Sigmund
  1414 | D:2      | Killed Sigmund
  1415 | D:2      | Reached skill level 4 in Long Blades
  1415 | D:2      | Reached skill level 1 in Dodging
  1415 | D:2      | Reached XP level 4. HP: 17/41 MP: 3/3
  1415 | D:2      | Reached XP level 5. HP: 20/47 MP: 4/4
  1847 | D:2      | Identified a scroll of acquirement
  2033 | D:3      | Noticed Jessica
  2038 | D:3      | Killed Jessica
  2066 | D:3      | Noticed Terence
  2071 | D:3      | Killed Terence
  2072 | D:3      | Reached skill level 5 in Armour
  2072 | D:3      | Reached XP level 6. HP: 44/55 MP: 5/5
  2251 | D:3      | Found a white marble altar of Elyvilon.
  2445 | D:3      | Noticed Grinder
  2445 | D:3      | Paralysed by Grinder for 5 turns
  2459 | D:3      | Killed Grinder
  2460 | D:3      | Reached skill level 5 in Fighting
  2460 | D:3      | Reached skill level 5 in Long Blades
  2460 | D:3      | Reached skill level 5 in Shields
  2808 | D:3      | Found a broken altar of Ashenzari.
  3218 | D:4      | Reached XP level 7. HP: 48/61 MP: 6/6
  3326 | D:4      | Reached skill level 6 in Long Blades
  4146 | D:5      | Entered Level 5 of the Dungeon
  4146 | D:5      | Noticed Edmund
  4284 | D:4      | Killed Edmund
  4411 | D:5      | Reached XP level 8. HP: 63/69 MP: 7/7
  4460 | D:5      | Reached skill level 7 in Long Blades
  5058 | D:5      | Found a staircase to the Ecumenical Temple.
  5067 | Temple   | Entered the Ecumenical Temple
  5496 | D:6      | Reached skill level 8 in Long Blades
  5652 | D:6      | Identified the +1 leather armour of Asceticism {Will+
                  | Str+3}
  5919 | D:6      | Found a hazy altar of Hepliaklqana.
  6394 | D:7      | Reached skill level 9 in Long Blades
  6612 | D:7      | Reached XP level 9. HP: 55/75 MP: 8/8
  7077 | D:7      | Noticed Maggie
  7085 | D:7      | Killed Maggie
  7482 | D:7      | Found Affyik's Antique Weapon Emporium.
  7499 | D:7      | Reached skill level 10 in Long Blades
  8752 | D:8      | Reached skill level 10 in Armour
  8880 | D:8      | Found an ancient bone altar of Kikubaaqudgha.
  8888 | D:8      | Reached skill level 11 in Long Blades
  8896 | D:8      | Reached XP level 10. HP: 86/86 MP: 9/9
  9164 | D:9      | Noticed Joseph
  9180 | D:9      | Killed Joseph
  9443 | D:9      | Noticed Gastronok
  9457 | D:9      | Killed Gastronok
  9458 | D:9      | Reached skill level 12 in Long Blades
  9649 | D:9      | Found a shimmering altar of Xom.
  9928 | D:9      | Found a blossoming altar of Fedhas.
  9934 | D:9      | Got Vufuol's Lessons on the Snowy Comitatus
 10248 | D:9      | Noticed Maurice
 10259 | D:9      | Killed Maurice
 10525 | D:10     | Entered Level 10 of the Dungeon
 10639 | D:9      | Reached skill level 13 in Long Blades
 10765 | D:9      | Paralysed by a hornet for 2 turns
 10773 | D:9      | Paralysed by a hornet for 2 turns
 10786 | D:9      | Reached XP level 11. HP: 8/95 MP: 10/10
 11312 | D:10     | Found an iron altar of Okawaru.
 11350 | D:10     | Became a worshipper of Warmaster Okawaru
 11467 | D:10     | Found a staircase to the Lair.
 12071 | D:11     | Found a frozen archway.
 12094 | D:11     | Reached * piety under Okawaru
 12111 | D:11     | Mangled by an ice devil

Illustrated notes

Levels and vault maps discovered:
D:1:      wander_arrival_desolate, layout_basic
D:2:      layout_rooms, basic_altar, hellmonk_ecumenical_altar_slurped_away,
          uniq_sigmund
D:3:      layout_basic, mainiacjoe_overflow_big_doors, uniq_terence,
          uniq_grinder, uniq_jessica
D:4:      layout_loops_cross, hangedman_abyss_or_decor_stagger
D:5:      minmay_bubble_buster, layout_rooms,
          minmay_temple_entry_statues_pillars, uniq_edmund
D:6:      layout_loops_cross, lemuel_round_altar, minmay_misc_feat_more_columns,
          chequers_serial_rivers_large_b
D:7:      layout_loops_corners, serial_shops, shop_fountains,
          minmay_misc_feat_enclosed, uniq_maggie
D:8:      layout_rooms, kennysheep_vampire_church
D:9:      layout_roguey, mainiacjoe_overflow_catwalk_spiral,
          dreamdust_princess_bridge, uniq_gastronok, uniq_maurice, uniq_joseph
D:10:     layout_rooms, lemuel_tele_altar, david_lair_shrubbed, minivault_4,
          kennysheep_generic_room_12
D:11:     layout_basic, portal_ice_cave_demonic_guard,
          nicolae_hepliaklqana_hazy_memory
Temple:   regret_index_temple_generic_petals

Skill      XL: |  1  2  3  4  5  6  7  8  9 10 |
---------------+-------------------------------+-----
Armour         | 4 5 7 8 10 11 | 11.7
Fighting       | 4 5 6 7 8 |  8.8
Shields        | 4 5 6 7 8 |  8.9
Long Blades    | 4 5 6 9 11 13 | 13.4
Dodging        | 1 2 |  2.7
Stealth        | |  0.8

Action                   |  1- 3 |  4- 6 |  7- 9 | 10-12 || total
-------------------------+-------+-------+-------+-------++-------
Melee: Long sword        |    73 |    60 |   329 |   282 ||   744
       Headbutt          |    14 |     9 |    87 |    72 ||   182
       Falchion          |       |       |    65 |       ||    65
  Use: Potion            |     4 |       |     1 |     7 ||    12
       Scroll            |     3 |     4 |     5 |     6 ||    18
Armor: Scale mail        |    20 |       |       |       ||    20
       Plate armour      |    33 |    52 |   273 |   169 ||   527
       Chain mail        |     2 |       |       |       ||     2
Dodge: Dodged            |    44 |    23 |   118 |    71 ||   256
Block: Buckler           |    27 |    22 |   113 |    64 ||   226
       Kite shield       |       |       |       |    61 ||    61
